[Event "*** Monthly 3|2 Blitz Masters"]
[Site "Chess.com"]
[Date "2014.11.25"]
[Round "6"]
[White "GeorgMeier"]
[Black "Nouki"]
[Result "1-0"]
[WhiteElo "2610"]
[BlackElo "2645"]
[TimeControl "180+2"]
[EndTime "12:16:57 PST"]
[Termination "GeorgMeier won by resignation"]

1. Nf3 d5 2. g3 c6 3. Bg2 Bg4 4.
c4 e6 5. O-O Nf6 6. d3 Be7 7. h3 Bxf3 8. Bxf3 Nbd7 9. Bg2 O-O 10. Nd2 a5 11. Qc2 a4 12. Rb1 Qa5 13. Nf3 Rfe8 14. Rd1 h6 15. e3 Bf8 16. Nd4 e5 17. Ne2 dxc4 18. Qxc4 Rad8 19. Bd2 Qa7 20. Qc2 Nb6 21. Nc3 Qa6 22. Be1 Nfd5 23. a3 g6 24.
Ne4 Nd7 25. Nc3 N7b6 26. Rbc1 Qa8 27. Ne4 Nd7 28. d4 exd4 29. Rxd4 Bg7 30. Rdd1 Re6 31. Nc3 Nxc3 32. Bxc3 Bxc3 33. Qxc3 Nf6 34. Rd4 Red6 35. Rcd1 Rxd4 36. Rxd4 Rxd4 37. Qxd4 Ne8 38. Qd7 Nf6 39.
Qe7 Kg7 40. Bf3 Qa6 41. Qe5 Qb6 42. g4 Qd8 43. Kg2 Kg8 44. Qf4 Kg7 45. Qxa4 Qd2 46. Qb3 Nd7 47. Qb4 Qxb4 48. axb4 Ne5 49. Be2 g5 50. f4 Nd7 51. Bc4 Kf6 52. Kf3 Nb6 53. Bb3 Nc8 54. Ke4 Nd6+ 55. Kd4 b6 56. Bc4 Ke7 57. Bd3 f6 58. Be4 Kd7 59. Bf3 Nb5+ 60. Kd3 Nd6 61. b3 Nb5 62. Kd2 Nd6 63.
Ke2 Nb5 64. Kd3 Nd6 65. Be4 Kc7 66. Kd4 Nb5+ 67. Kd3 Nd6 68. Bg6 Kd7 69. Kd2 Ke6 70.
Bd3 Kd5 71. Ke2 Ke6 72. Kf3 Nb7 73. Bc4+ Ke7 74. Kg3 Nd6 75. Bd3 Ke6 76. h4 Kd5 77. hxg5 hxg5 78. Kf3 Ke6 79. Bc4+ Ke7 80. Bd3 Ke6 81.
Be4 Kd7 82. Bf5+ Ke7 83. Ke2 Nb5 84. Kd3 Nd6 85. Be4 Kd7 86. Bf3 Ke6 87. Bxc6 Nc8 88. Kd4 Kd6 89. Bf3 Ne7 90. Be4 Nc8 91. Bd3 Ne7 92.
Bb5 Nd5 93. fxg5 fxg5 94. e4 Nxb4 95. e5+ Ke7 96. Ke4 Nc2 97. Bc4 Ne1 98. Bd5 Ng2 99.
Bc4 Nh4 100. Bf1 Ke6 101. Be2 Ke7 102. Bc4 Kd7 103. Bd5 Ke7 104. Kd4 Ng6 105. Be4 Nf4 106. Bb7 Kd7 107. Ke4 Ke7 108. Kf5 Nd3 109. Be4 Nc5 110. Bd5 Nd3 111. Bc4 Nf2 112. Kxg5 Ne4+ 113. Kf5 Ng3+ 114. Kf4 1-0

[Event "*** Monthly 3|2 Blitz Masters"]
[Site "Chess.com"]
[Date "2014.11.25"]
[Round "7"]
[White "WanderingPuppet"]
[Black "pedromartinez91"]
[Result "1/2-1/2"]
[WhiteElo "2024"]
[BlackElo "2069"]
[TimeControl "180+2"]
[EndTime "12:20:47 PST"]
[Termination "Game drawn by agreement"]

1. Nc3 e5 2. d4 exd4 3. Qxd4 Nc6 4.
Qe3+ Nge7 5. Nd5 d6 6. Nf3 Be6 7. Nf4 Qd7 8. Bd2 O-O-O 9. Nxe6 Qxe6 10. Qxe6+ fxe6 11. O-O-O g6 12. Bc3 e5 13. e3 Bh6 14.
Bc4 Rhf8 15. Be6+ Kb8 16. Rd2 b5 17. b4 a6 18. h4 Nc8 1/2-1/2

[Event "*** Monthly 3|2 Blitz Masters"]
[Site "Chess.com"]
[Date "2014.11.25"]
[Round "7"]
[White "vovkcoach"]
[Black "redchessman"]
[Result "1-0"]
[WhiteElo "2470"]
[BlackElo "2261"]
[TimeControl "180+2"]
[EndTime "12:22:48 PST"]
[Termination "vovkcoach won by resignation"]

1. g3 d5 2. Bg2 g6 3. Nf3 Bg7 4.
O-O c6 5. d3 e5 6. e4 dxe4 7. dxe4 Qxd1 8. Rxd1 f6 9. a4 a5 10. Na3 Be6 11. Bf1 Ne7 12. Nc4 O-O 13. Be3 Na6 14. Nxa5 Rfb8 15. Bc4 Kf7 16. Rd7 Bxc4 17.
Nxc4 Ke8 18. Rad1 Rd8 19. Rxd8+ Rxd8 20. Nd6+ Kf8 21. Rd2 Rd7 22. a5 Kg8 23. c3 Bf8 24.
b4 h5 25. Ne8 Rxd2 26. Nxd2 Kf7 27. Nd6+ Ke6 28. Nxb7 Nc8 29. Nb3 1-0

[Event "*** Monthly 3|2 Blitz Masters"]
[Site "Chess.com"]
[Date "2014.11.25"]
[Round "7"]
[White "GulamaliRises"]
[Black "patzerplay"]
[Result "1-0"]
[WhiteElo "2411"]
[BlackElo "2100"]
[TimeControl "180+2"]
[EndTime "12:23:01 PST"]
[Termination "GulamaliRises won by resignation"]

1. e4 c5 2. d4 cxd4 3. c3 dxc3 4. Nxc3 d6 5. Nf3 Nc6 6. Bc4 a6 7. O-O Nf6 8. h3 e6 9. Qe2 Bd7 10. Rd1 Be7 11. Bf4 Qb8 12. e5 dxe5 13. Nxe5 Nxe5 14.
Bxe5 Qa7 15. Ne4 Bc6 16. Nxf6+ gxf6 17. Bd4 Qb8 18. Bxe6 fxe6 19. Qh5+ Kf8 20. Be3 Be8 21. Bh6+ Kg8 22. Qg4+ Bg6 23. Qxe6+ Bf7 24. Qg4+ Bg6 25. Qe6+ Bf7 26. Qxe7 Qe5 27. Qxb7 Rb8 28. Qxa6 Be6 29.
Re1 Bc8 30. Qc4+ Be6 31. Qxe6+ Qxe6 32. Rxe6 Kf7 33. Re2 Rhg8 34. Bf4 Rb4 35. Bg3 Rc8 36. a4 Ra8 37. a5 Rb5 38. a6 Rb6 39. a7 1-0

[Event "*** Monthly 3|2 Blitz Masters"]
[Site "Chess.com"]
[Date "2014.11.25"]
[Round "7"]
[White "Hafez_Bakr"]
[Black "bsmail"]
[Result "0-1"]
[WhiteElo "1787"]
[BlackElo "2106"]
[TimeControl "180+2"]
[EndTime "12:23:09 PST"]
[Termination "bsmail won by resignation"]

1. c4 c5 2. Nc3 Nf6 3. Nf3 g6 4.
g3 Bg7 5. Bg2 Nc6 6. O-O O-O 7.
d4 cxd4 8. Nxd4 a6 9. e4 d6 10. Nxc6 bxc6 11. e5 dxe5 12. Bxc6 Rb8 13. b3 Bh3 14.
Re1 Qc7 15. Bh1 Rfd8 16. Qe2 Ng4 17. Ne4 h6 18. Bf3 f5 19. Bxg4 Bxg4 20. f3 Bh5 21.
Nf2 e4 22. Bb2 Bxf3 23. Qc2 Bxb2 24. Qxb2 Qd6 25. Nh3 Qd4+ 26. Qxd4 Rxd4 27. Nf4 Kf7 28. h4 Rbd8 29. Ne2 Rd2 30. Nc3 Rg2+ 31. Kf1 Rdd2 32.
Re3 Rh2 33. Ne2 Bxe2+ 34. Rxe2 Rdxe2 35. Rd1 Rxa2 36. Kg1 Rag2+ 37. Kf1 Rh1+ 38. Kxg2 Rxd1 39. Kf2 Rd3 0-1

[Event "*** Monthly 3|2 Blitz Masters"]
[Site "Chess.com"]
[Date "2014.11.25"]
[Round "7"]
[White "pKiLz5Rn9b"]
[Black "MattyDPerrine"]
[Result "0-1"]
[WhiteElo "2144"]
[BlackElo "2041"]
[TimeControl "180+2"]
[EndTime "12:23:22 PST"]
[Termination "MattyDPerrine won by checkmate"]

1. f4 c5 2. Nf3 b6 3. e4 Bb7 4.
Nc3 e6 5. d4 cxd4 6. Nxd4 d6 7.
Be3 a6 8. Qf3 Qc7 9. Bd3 Nf6 10.
O-O-O Nbd7 11. g4 b5 12. g5 b4 13. Na4 Ng8 14. Nb3 Ne7 15. h4 d5 16. exd5 Nxd5 17.
Be4 f5 18. Bxd5 Bxd5 19. Rxd5 exd5 20. Qxd5 O-O-O 21. Qxf5 Bd6 22. Bb6 Qc6 23. Bxd8 Qxh1+ 24. Kd2 Kxd8 25. Nd4 Qxh4 26. Kd3 Qe1 27. Ne6+ Ke7 28. Nxg7 Rf8 29. Qxh7 Qf1+ 30. Kd4 Rxf4+ 31. Kd5 Qc4# 0-1

[Event "*** Monthly 3|2 Blitz Masters"]
[Site "Chess.com"]
[Date "2014.11.25"]
[Round "7"]
[White "Dlugy"]
[Black "jcibarra"]
[Result "1-0"]
[WhiteElo "2593"]
[BlackElo "2472"]
[TimeControl "180+2"]
[EndTime "12:25:30 PST"]
[Termination "Dlugy won on time"]

1. d4 Nf6 2. c4 d6 3. Nc3 e5 4.
Nf3 e4 5. Nd2 Bf5 6. Nb3 h6 7.
Bf4 Nh5 8. Be3 Nf6 9. h3 g5 10. g3 Bg7 11. Bg2 O-O 12. Qd2 Re8 13. O-O-O Nbd7 14. h4 Nb6 15. Na5 Ng4 16. hxg5 Nxe3 17. Qxe3 Qxg5 18. Qxg5 hxg5 19. b3 a6 20. Nxb7 a5 21. c5 Rab8 22. c6 e3 23. f4 gxf4 24. gxf4 a4 25.
bxa4 Nc4 26. Bd5 Nd2 27. Rdg1 Kf8 28. Nb5 Re4 29. Rh5 Rxf4 30. a5 Bg6 31. Rh3 Bxd4 32. Rxg6 fxg6 33. Nxd4 Rxd4 34. Rh8+ Ke7 35. Rxb8 Ra4 36.
Bb3 Nxb3+ 37. axb3 Ra2 38. Rc8 Rxe2 39. Rxc7+ Ke6 40.
Nd8+ Kd5 41. Re7 Kd4 42. c7 Kc3 43. c8=Q+ 1-0

[Event "*** Monthly 3|2 Blitz Masters"]
[Site "Chess.com"]
[Date "2014.11.25"]
[Round "7"]
[White "Yaacovn"]
[Black "GeorgMeier"]
[Result "0-1"]
[WhiteElo "2602"]
[BlackElo "2624"]
[TimeControl "180+2"]
[EndTime "12:25:45 PST"]
[Termination "GeorgMeier won on time"]

1. d4 e6 2. Nf3 Nf6 3. c4 d5 4.
Nc3 dxc4 5. e3 a6 6. a4 c5 7. Bxc4 Nc6 8. O-O Be7 9. dxc5 Bxc5 10. Qxd8+ Kxd8 11. Ng5 Ke7 12. Bd2 Bd7 13. Rac1 Rac8 14. Rfd1 Rhd8 15. h3 Be8 16. Be1 Bb4 17. Be2 h6 18. Nge4 Nxe4 19. Nxe4 Rxd1 20. Rxd1 Bxe1 21. Rxe1 Nb4 22. b3 Rc2 23. Bf1 Bc6 24. Ng3 Bd5 25. Rb1 Rc3 26. Bc4 Bxc4 27. bxc4 a5 28. Ne2 Rxc4 29. Nd4 g6 30. Nb5 Nd5 31. Nd4 Rb4 32.
Ra1 Kd7 33. Nf3 f6 34. Nd4 Nc3 35. Kh2 Rxa4 36. Rc1 Nd5 37. Nb3 b6 38. Nd4 Ra3 39.
e4 Nc3 40. Nc2 Ra2 41. f3 b5 42. Ne3 b4 0-1

[Event "*** Monthly 3|2 Blitz Masters"]
[Site "Chess.com"]
[Date "2014.11.25"]
[Round "7"]
[White "Philofive"]
[Black "Bab3s"]
[Result "1/2-1/2"]
[WhiteElo "2208"]
[BlackElo "2102"]
[TimeControl "180+2"]
[EndTime "12:25:50 PST"]
[Termination "Game drawn by repetition"]

1. d4 Nf6 2. Bg5 e6 3. e4 h6 4.
Bxf6 Qxf6 5. c3 d5 6. Nd2 c5 7. Ngf3 Nc6 8. Bb5 Bd7 9. O-O Qd8 10. exd5 exd5 11. Re1+ Be7 12. Qe2 Be6 13. dxc5 Bxc5 14.
Nb3 Bb6 15. Nfd4 O-O 16. Nxc6 bxc6 17. Bxc6 Rc8 18. Bb5 Qg5 19. Rad1 Rb8 20. Nd4 Bg4 21. f3 Bxf3 22. Qxf3 Bxd4+ 23. Rxd4 Rxb5 24. b3 Rc5 25. Red1 Rfc8 26. Rxd5 Rxd5 27. Qxd5 Rxc3 28. Qxg5 hxg5 29. Rd2 a5 30. h3 f6 31. Rd5 a4 32. bxa4 Ra3 33. a5 Rxa2 34. Rb5 Kf7 35. Kh2 Ra3 36. Kg1 Ra2 37. Kf1 Kg6 38. Kg1 Kf7 39. Kh2 Ra3 40.
Kg1 Ra2 41. Kf1 Kg6 42. Rc5 Kf7 43. Kg1 Kg6 44. Kf1 Kf7 45. Kg1 Kg6 46. Kh2 Ra3 47.
Rb5 Kf7 48. Kg1 Ra2 49. Kh2 Ra3 50. Rd5 Ke6 51. Rb5 Kf7 1/2-1/2

[Event "*** Monthly 3|2 Blitz Masters"]
[Site "Chess.com"]
[Date "2014.11.25"]
[Round "7"]
[White "Mvpag"]
[Black "juniortay"]
[Result "1-0"]
[WhiteElo "1898"]
[BlackElo "2164"]
[TimeControl "180+2"]
[EndTime "12:26:00 PST"]
[Termination "Mvpag won by resignation"]

1. d4 Nf6 2. Nf3 d6 3. e3 Nbd7 4. Bd3 e5 5. dxe5 dxe5 6. Nbd2 g6 7. b3 Bb4 8. O-O O-O 9. Bb2 Qe7 10. a3 Bd6 11.
Ne4 Nxe4 12. Bxe4 Nc5 13. Bd5 c6 14. Bc4 Bg4 15. Be2 Rad8 16. h3 Bxf3 17. Bxf3 e4 18. Qd4 Bh2+ 19. Kxh2 Rxd4 20. exd4 exf3 21. dxc5 fxg2 22. Kxg2 Qxc5 23. c4 Qg5+ 24. Kh2 Qf4+ 25. Kg2 f6 26. Rad1 Re8 27. Rd4 Re4 28. Rd8+ Kg7 29.
Bc1 Qf5 30. Rfd1 Re7 31. R1d3 g5 32. R8d6 Qe4+ 33. Rf3 Rf7 34. Bb2 Kg6 35. Rd4 Qe6 36. Rg3 h5 37. h4 g4 38. Re3 Qf5 39. Rd6 Qf4 40. Ree6 Qf3+ 41. Kg1 Qh3 42. Bxf6 Rxf6 43. Rxf6+ Kg7 44. Rg6+ Kf7 45. Rh6 Qxh4 46. Rh7+ Kg8 47. Rxb7 1-0

[Event "*** Monthly 3|2 Blitz Masters"]
[Site "Chess.com"]
[Date "2014.11.25"]
[Round "7"]
[White "alturas_pacificas"]
[Black "minnesotachessmaster"]
[Result "1-0"]
[WhiteElo "2052"]
[BlackElo "1906"]
[TimeControl "180+2"]
[EndTime "12:26:15 PST"]
[Termination "alturas_pacificas won on time"]

1. d4 Nf6 2. Bf4 e6 3. e3 c5 4. c3 Be7 5. Nf3 O-O 6. Bd3 b6 7. h3 Bb7 8. O-O d6 9. Nbd2 Nbd7 10. Qe2 Qc7 11. Bh2 Rfe8 12. e4 a6 13. a4 e5 14.
dxe5 Nxe5 15. Nxe5 dxe5 16. Nc4 Nd7 17. Rfd1 Red8 18.
Ne3 Bf6 19. Nd5 Bxd5 20. exd5 a5 21. c4 Qd6 22. Rf1 Re8 23. Rae1 g6 24. f4 e4 25. Bxe4 Bd4+ 26. Kh1 f5 27. Qc2 Rxe4 28. Rxe4 fxe4 29. Qxe4 Nf6 30. Qd3 Qe7 31. f5 Kg7 32. fxg6 hxg6 33. Bg3 Qe4 34. Qd2 Qe3 35. Qxe3 Bxe3 36. Be5 Bd4 37. Rxf6 Bxe5 38. Rxb6 Rf8 39. g4 Rf2 40. b3 Rf3 41. Re6 Bd4 42. Kg2 Rf2+ 43. Kg3 Rb2 44.
d6 Rxb3+ 45. Kf4 Rb8 46. Ke4 Rd8 47. Kd5 Kh6 48. h4 Bf2 49. h5 Kg5 50. Rxg6+ Kf4 51.
Kc6 1-0

[Event "*** Monthly 3|2 Blitz Masters"]
[Site "Chess.com"]
[Date "2014.11.25"]
[Round "7"]
[White "ChessWarrior7197"]
[Black "gumersindo"]
[Result "1/2-1/2"]
[WhiteElo "1855"]
[BlackElo "2045"]
[TimeControl "180+2"]
[EndTime "12:26:30 PST"]
[Termination "Game drawn by repetition"]

1. Nf3 d5 2. g3 Nf6 3. Bg2 g6 4.
O-O Bg7 5. d3 O-O 6. Nbd2 c5 7. e4 dxe4 8. dxe4 Nc6 9. Re1 Nd7 10.
Nc4 b5 11. Ne3 Bb7 12. c3 Nde5 13. Nxe5 Nxe5 14. Qc2 Nd3 15. Rd1 c4 16. b3 Ba6 17.
Ba3 Re8 18. Nd5 Bb7 19. bxc4 bxc4 20. Rab1 Bxd5 21. exd5 Qa5 22. Bb4 Qa6 23. d6 exd6 24.
Bxa8 Rxa8 25. Qe2 d5 26. a3 Qc6 27. Ba5 Re8 28. Qf3 Qc5 29. Bb4 Qc6 30. Kg2 Re6 31.
Ba5 Rf6 32. Rb8+ Bf8 33. Qg4 Rxf2+ 34. Kg1 d4 35. Qh3 Qf3 36. Rf1 Rxf1+ 37. Qxf1 Qe3+ 38. Kh1 Qe4+ 39. Kg1 Qe3+ 40. Kg2 Qe4+ 41. Kh3 Qe6+ 42. Kg2 Qe4+ 43. Kg1 Qe3+ 44. Kh1 Qe4+ 45. Kg1 Qe3+ 46.
Kh1 Qe4+ 1/2-1/2

[Event "*** Monthly 3|2 Blitz Masters"]
[Site "Chess.com"]
[Date "2014.11.25"]
[Round "7"]
[White "thegormacle"]
[Black "grandmastergauri"]
[Result "1-0"]
[WhiteElo "2458"]
[BlackElo "2331"]
[TimeControl "180+2"]
[EndTime "12:26:36 PST"]
[Termination "thegormacle won on time"]

1. e4 c6 2. Nc3 d5 3. Nf3 Bg4 4. h3 Bxf3 5. Qxf3 e6 6. d3 Nf6 7. Bd2 Be7 8. O-O-O a5 9. g4 a4 10. g5 Nfd7 11. h4 a3 12. b3 Na6 13. Kb1 Nb4 14.
Qg3 Qb6 15. h5 Qc5 16. Rc1 Nb6 17. Rg1 Bd6 18. f4 d4 19. Ne2 g6 20. Qf2 e5 21. f5 Rf8 22. hxg6 hxg6 23. Bh3 Na4 24. Qe1 Nb2 25. Rf1 Rh8 26. Bg4 Qb5 27. Bxb4 Bxb4 28. Qf2 Nxd3 29. cxd3 Qxd3+ 30. Rc2 Rf8 31. Nc1 Qb5 32.
Be2 Qb6 33. Bc4 O-O-O 34. Nd3 Bc3 35. Rxc3 gxf5 36. Qxf5+ Kb8 37. Qxe5+ Ka8 38. Rc2 Rh8 39. Qc5 Qc7 40. Qxa3+ Kb8 41. Rxf7 Qg3 42. Qb4 Rh1+ 43.
Kb2 b5 44. Bxb5 Qd6 45. Ba6+ Qxb4 46. Nxb4 d3 47. Nxc6+ 1-0

[Event "*** Monthly 3|2 Blitz Masters"]
[Site "Chess.com"]
[Date "2014.11.25"]
[Round "7"]
[White "RitvarsReimanis"]
[Black "IMLevAltounian"]
[Result "0-1"]
[WhiteElo "2232"]
[BlackElo "2232"]
[TimeControl "180+2"]
[EndTime "12:26:53 PST"]
[Termination "IMLevAltounian won by checkmate"]

1. d4 e6 2. c4 Bb4+ 3. Bd2 Bxd2+ 4. Nxd2 f5 5. Ngf3 Nf6 6. e3 b6 7. Be2 Bb7 8. O-O O-O 9. Ne5 d6 10. Bf3 Qc8 11. Nd3 Nbd7 12. Nf4 Re8 13. d5 e5 14. Ne6 Nf8 15. Nxf8 Rxf8 16. Be2 c5 17. f4 Qe8 18.
Kh1 Qe7 19. Rc1 Rae8 20. Rc3 exf4 21. Rxf4 Bc8 22. h3 Nd7 23. e4 Ne5 24. exf5 Qg5 25.
Qf1 Rxf5 26. Rxf5 Bxf5 27. Nf3 Nxf3 28. Bxf3 Qd2 29. Rc1 Qxb2 30. Re1 Re5 31. Rxe5 Qxe5 32. Qc1 g6 33. Qa3 Qe7 34. Qa4 Kg7 35. Qa3 h5 36. Qc3+ Qf6 37. Qa3 Qe7 38. Qc3+ Kh7 39. Qa3 h4 40.
Qa6 Kh6 41. Qa3 Qe1+ 42. Kh2 Qg3+ 43. Kh1 g5 44. Qxa7 Qe1+ 45. Kh2 Qg3+ 46. Kh1 Bxh3 47. Qb8 Qe1+ 48. Kh2 Qg3+ 49. Kh1 Bf5 50. Qf8+ Kg6 51. Qg8+ Kf6 52. Qh8+ Kf7 53. Bh5+ Ke7 54. Qg7+ Kd8 55. Qf6+ Kc7 56. Qf7+ Bd7 57. Qe7 h3 58. Bf3 g4 59.
Be4 Qe1+ 60. Kh2 g3# 0-1

[Event "*** Monthly 3|2 Blitz Masters"]
[Site "Chess.com"]
[Date "2014.11.25"]
[Round "7"]
[White "DanielRensch"]
[Black "bugsbunny444"]
[Result "0-1"]
[WhiteElo "2353"]
[BlackElo "2315"]
[TimeControl "180+2"]
[EndTime "12:26:54 PST"]
[Termination "bugsbunny444 won by resignation"]

1. d4 e6 2. Nc3 d5 3. e4 Nf6 4.
Bg5 Bb4 5. e5 h6 6. Be3 Ne4 7.
Qg4 g6 8. a3 Bxc3+ 9. bxc3 Nxc3 10. h4 Qe7 11. h5 g5 12. Nh3 Nc6 13. f4 gxf4 14. Bf2 Bd7 15. Bh4 Qf8 16. Qxf4 Ne7 17. Bd3 O-O-O 18. O-O Re8 19. Qxf7 Nf5 20. Qxf8 Rhxf8 21. Bxf5 exf5 22. Bf6 Ne2+ 23. Kh2 Nxd4 24. Nf4 Nxc2 25.
Rac1 Ne3 26. Rfe1 Ng4+ 27. Kg3 Nxf6 28. exf6 Rxe1 29. Rxe1 Rxf6 30. Nxd5 Rd6 31. Ne7+ Kd8 32. Kf4 Rd4+ 33. Ke5 Re4+ 34. Rxe4 fxe4 35. Nd5 Bg4 36. Kxe4 Bxh5 37. Kf5 Bf7 38. Nc3 Ke7 39. Nb5 c6 40. Nxa7 Kd7 41. Kf6 Bd5 42. g4 Bf3 43. g5 hxg5 44.
Kxg5 Kc7 45. Kf4 Bg2 46. a4 Bh3 47. a5 Kd6 48. Ke4 Kc7 49. a6 b6 50. Nxc6 Kxc6 51. Kd4 Bc8 52. a7 Kb7 53. Kc3 Kxa7 54. Kb4 Kb7 0-1

[Event "*** Monthly 3|2 Blitz Masters"]
[Site "Chess.com"]
[Date "2014.11.25"]
[Round "7"]
[White "ameet100"]
[Black "Baggio95"]
[Result "1-0"]
[WhiteElo "2421"]
[BlackElo "2358"]
[TimeControl "180+2"]
[EndTime "12:27:01 PST"]
[Termination "ameet100 won by resignation"]

1. Nf3 Nc6 2. g3 d5 3. d4 Bg4 4.
Bg2 Nf6 5. h3 Bh5 6. Nbd2 e6 7.
O-O Be7 8. c4 O-O 9. e3 Ne4 10.
cxd5 exd5 11. a3 f5 12. b4 Kh8 13. Bb2 Bd6 14. Qb3 Ne7 15. Rfe1 c6 16. Rac1 a6 17. Nf1 Qd7 18. Ne5 Qe6 19. f3 Ng5 20. Nd2 Bxe5 21. dxe5 Ng6 22. f4 Ne4 23. Nxe4 fxe4 24. g4 Bxg4 25. hxg4 Qxg4 26. Rc2 Nh4 27. Kf1 Rad8 28.
Rf2 Nf5 29. Bc1 d4 30. exd4 Ng3+ 31. Kg1 Rxd4 32. Be3 Rd3 33. Qc4 h5 34. e6 Re8 35.
e7 Rxe7 36. Qc5 Re8 37. Qg5 Rxa3 38. Bd4 Nf5 39. Be5 Rg3 40. Qxg4 Rxg4 41. Kh2 e3 42. Rf3 Nh4 43. Rg3 Nf5 44. Rxg4 hxg4 45. Be4 Nd6 46. Bg6 Re6 47. Bd3 Nf7 48. Rxe3 a5 49. bxa5 c5 50. Bc4 Re7 51. Bxg7+ 1-0

[Event "*** Monthly 3|2 Blitz Masters"]
[Site "Chess.com"]
[Date "2014.11.25"]
[Round "7"]
[White "Nouki"]
[Black "Sebastian"]
[Result "0-1"]
[WhiteElo "2635"]
[BlackElo "2543"]
[TimeControl "180+2"]
[EndTime "12:27:10 PST"]
[Termination "Sebastian won by resignation"]

1. d4 Nf6 2. c4 g6 3. Nc3 d5 4. Bg5 Bg7 5. Bxf6 Bxf6 6. cxd5 c5 7. dxc5 Nd7 8. e3 O-O 9. Bc4 Nxc5 10. Nge2 Qb6 11. Bb3 a5 12. O-O Bd7 13. Rb1 Rfd8 14. Nd4 Nxb3 15. Qxb3 Bxd4 16. exd4 Qxb3 17. axb3 b5 18.
Rfe1 Kf8 19. Rbc1 b4 20. Ne4 Bf5 21. d6 exd6 22. f3 Be6 23. Re3 h6 24. Kf2 a4 25.
bxa4 Rxa4 26. Rd3 Bf5 27. Re3 Ra2 28. Re2 Re8 29. Rc7 Bxe4 30. fxe4 b3 31. Rb7 Ra4 32. Ke3 Re7 33. Rxe7 Kxe7 34. Kd3 Rb4 35. Re1 Rb8 36.
Ra1 Ke6 37. Ra6 f6 38. Ra7 f5 39. Rh7 h5 40. exf5+ Kxf5 41. Rc7 d5 42. Rf7+ Ke6 43. Rc7 Rf8 44. Ke3 Kf5 45. Rb7 Re8+ 46. Kd3 Kf4 47. Rxb3 Re3+ 48. Kc2 Re2+ 49. Kc3 Rxg2 50.
Rb6 g5 51. Rf6+ Kg4 52. b4 Rxh2 53. b5 Re2 54. b6 Re8 55. Kb4 h4 56. Kc5 h3 57. b7 Kg3 58. Kc6 g4 59. Kxd5 h2 60.
Rh6 Kg2 61. Kc6 h1=Q 62. Rxh1 Kxh1 63. d5 g3 64. d6 g2 65. d7 Rg8 66. Kc7 g1=Q 67.
b8=Q Qc5+ 0-1

[Event "*** Monthly 3|2 Blitz Masters"]
[Site "Chess.com"]
[Date "2014.11.25"]
[Round "7"]
[White "GMHess"]
[Black "Zhani-Z"]
[Result "0-1"]
[WhiteElo "2446"]
[BlackElo "1981"]
[TimeControl "180+2"]
[EndTime "12:27:12 PST"]
[Termination "Zhani-Z won on time"]

1. g3 Nf6 2. Bg2 d5 3. c4 c6 4. cxd5 cxd5 5. Nf3 Nc6 6. O-O Bg4 7. d4 Bxf3 8. Bxf3 e6 9. Nc3 Be7 10. Be3 O-O 11.
Rc1 Rc8 12. Qd2 Qa5 13. Rfd1 Rfd8 14. h4 Bb4 15. a3 Be7 16. Kg2 Qa6 17. h5 Na5 18. Qc2 Nc4 19. Bf4 Qb6 20. Rb1 Qa5 21. Rd3 Ne4 22. Qb3 Nxc3 23. Rxc3 Bf6 24. e3 Nd2 25. Qc2 Rxc3 26. bxc3 Nxb1 27. Qxb1 b6 28. e4 Qxc3 29. exd5 exd5 30. Qf5 Qc6 31. h6 Qe6 32.
Qd3 g6 33. Be3 Qd7 34. Qa6 Re8 35. Be2 Bh8 36. Bb5 Qc8 37. Qxa7 Qb8 38. Qd7 Rd8 39.
Qg4 Qd6 40. Bf4 Qe6 41. Qg5 Bf6 0-1

[Event "*** Monthly 3|2 Blitz Masters"]
[Site "Chess.com"]
[Date "2014.11.25"]
[Round "7"]
[White "LePlusMortel"]
[Black "jlandaw"]
[Result "0-1"]
[WhiteElo "2357"]
[BlackElo "2293"]
[TimeControl "180+2"]
[EndTime "12:27:42 PST"]
[Termination "jlandaw won on time"]

1. d4 d5 2. Nf3 c6 3. Bf4 Nf6 4. Nbd2 g6 5. e3 Bg7 6. Be2 O-O 7. Ne5 Nfd7 8. h4 f6 9. Nxd7 Nxd7 10.
h5 e5 11. Bg3 Re8 12. c3 Qb6 13. hxg6 hxg6 14. Qc2 Nf8 15. O-O-O Bf5 16. Bd3 Bxd3 17. Qxd3 a5 18. dxe5 fxe5 19. e4 d4 20. Qc4+ Ne6 21. cxd4 Qxd4 22. Qc2 Qc5 23. Qxc5 Nxc5 24. f3 Ne6 25.
Nc4 Nd4 26. Bf2 b5 27. Ne3 a4 28. Ng4 Rad8 29. Be3 b4 30. Bxd4 exd4 31. Kd2 d3 32. Rb1 a3 33. bxa3 Bc3+ 34. Ke3 bxa3 35. Rb7 Kf8 36. Rd1 d2 37. Rb3 Ba5 38. Rxa3 Bb4 39. Ra6 c5 40. Ke2 c4 41. Ra4 c3 42. Rxb4 c2 43. Rc4 cxd1=Q+ 44. Kxd1 Re6 45. Rc2 Red6 46. Ne3 Ra6 47. Nf1 Ke7 48. Nxd2 Ke6 49. Ke2 Ke5 50. Nf1 Ra3 51. Ne3 Ke6 52. Nc4 Ra4 53. Ne3 Rda8 54.
Kf2 Rxa2 55. Rxa2 Rxa2+ 56. Kg3 Ke5 57. Ng4+ Ke6 58. Nh2 Kf6 59. Ng4+ Ke6 60. Nh2 Kf6 61. Ng4+ Ke6 62. Ne3 Kf6 63. Nd5+ Ke6 64. Kh3 Ke5 65. Kg3 Rb2 66. Nf4 Kf6 67. Kg4 Rc2 0-1

[Event "*** Monthly 3|2 Blitz Masters"]
[Site "Chess.com"]
[Date "2014.11.25"]
[Round "7"]
[White "GMBenjaminBok"]
[Black "gmjlh"]
[Result "0-1"]
[WhiteElo "2564"]
[BlackElo "2542"]
[TimeControl "180+2"]
[EndTime "12:27:43 PST"]
[Termination "gmjlh won by resignation"]

1. e4 e5 2. Nf3 Nc6 3. Bb5 Nf6 4.
O-O Nxe4 5. d4 Nd6 6. Bxc6 dxc6 7. dxe5 Nf5 8. Qxd8+ Kxd8 9. h3 h6 10. Rd1+ Ke8 11. Nc3 Ne7 12. b3 Ng6 13. Bb2 Nf4 14.
Kh2 Bf5 15. Nd4 Bg6 16. g3 Ne6 17. Nxe6 fxe6 18. Rd2 Rd8 19. Rad1 Rxd2 20. Rxd2 Bb4 21. f3 Ke7 22. a3 Bxc3 23. Bxc3 c5 24. b4 Rd8 25. bxc5 Rxd2+ 26. Bxd2 Bxc2 27. g4 Kd7 28. Kg3 Kc6 29. Be3 Kd5 30. f4 Bg6 31. Kf3 Kc4 32. Bd2 c6 33. Bb4 Kd3 34. Ba5 Be4+ 35. Kf2 g6 36. Bb4 Bd5 37. Ba5 Kc4 38. Bb4 Kb3 39. Ke3 Bg2 40. h4 Bh3 41. g5 h5 42.
Kd3 Bf5+ 43. Kd4 Bb1 44. Ke3 Kc4 45. Ke2 Kd4 46. Kf3 Be4+ 47. Kf2 Bd5 48. Ke2 Ke4 49.
Bd2 Kf5 50. Ke3 Kg4 51. Be1 b5 52. cxb6 axb6 53. a4 Bb3 54. a5 bxa5 55. Bxa5 Kxh4 56. Be1+ Kg4 57. Bf2 h4 58. Bg1 c5 59. Ke4 Bd5+ 60. Ke3 c4 61. Bh2 Kh3 62. Bg1 Kg2 63. Bf2 h3 0-1

[Event "*** Monthly 3|2 Blitz Masters"]
[Site "Chess.com"]
[Date "2014.11.25"]
[Round "7"]
[White "162a54f5d"]
[Black "VSERGUEI"]
[Result "1-0"]
[WhiteElo "2346"]
[BlackElo "2279"]
[TimeControl "180+2"]
[EndTime "12:28:15 PST"]
[Termination "162a54f5d won by checkmate"]

1. d4 d5 2. c4 c6 3. Nf3 Nf6 4.
e3 Bf5 5. Nc3 e6 6. Nh4 Bg6 7.
Be2 Nbd7 8. O-O Bd6 9. g3 Qe7 10.
Qb3 Rb8 11. Rd1 O-O 12. Nxg6 hxg6 13. Qc2 dxc4 14. Bxc4 b5 15. Be2 e5 16. dxe5 Nxe5 17. Ne4 Nxe4 18. Qxe4 c5 19. f4 Nc4 20. Qxe7 Bxe7 21.
b3 Bf6 22. Rb1 Na5 23. Bd2 Nc6 24. Rbc1 Be7 25. Bf3 Rfc8 26. Kf2 Nb4 27. Ke2 Bf6 28. a3 Na6 29. Rc2 c4 30. bxc4 Rxc4 31. Rxc4 bxc4 32. Rc1 c3 33. Bxc3 Bxc3 34. Rxc3 Rb2+ 35. Kd3 Nb8 36. Bd5 Nd7 37. Rc7 Nb6 38. Bxf7+ Kh7 39.
Be6 Rxh2 40. Rxa7 Rg2 41. g4 g5 42. Bf5+ Kg8 43. fxg5 g6 44. Be6+ Kf8 45. a4 Rb2 46. a5 Na4 47. Bd5 Nc5+ 48. Kd4 Na4 49. Ke5 Rb5 50.
e4 Nc5 51. Kf6 Rb8 52. Rf7+ Ke8 53. Re7+ Kd8 54. Rg7 Nd7+ 55. Ke6 Nf8+ 56. Kd6 Rb5 57. Ra7 Rb8 58. Ra8 Rxa8 59. Bxa8 Kc8 60. Bc6 Nh7 61. a6 Kb8 62. e5 Nxg5 63. e6 Nh7 64. e7 Nf6 65. e8=Q+ Nxe8+ 66. Bxe8 g5 67. Bb5 Ka7 68. Be2 Kb6 69. Ke5 Kc5 70. Kf5 Kd4 71. Kxg5 Ke3 72. a7 Kf2 73. a8=Q Kg1 74. Bb5 Kh2 75. Qa3 Kg1 76. Qb2 Kh1 77. Bc6+ Kg1 78. Qg2# 1-0